Map: 이페머론 - 래더

Players

DIMAGA

  • Race: Zerg Zerg
  • Spawn Location: 11:00

Trap - Winner!

  • Race: Protoss Protoss
  • Spawn Location: 5:00

Event: IEM Katowice 2020

VOD

Have the link to the VOD?

Description

Time

  • Played on: Feb. 25, 2020, 9:02 a.m.
  • Length: 9:19

All games in this series

Show
View Real Time Build Order
Export as new Build Order

DIMAGA Zerg 

Build Orders: Hatch First 

Get SALT Encoding   

  12  0:00  Drone  
  13  0:12  Overlord  
  13  0:17  Drone  
  14  0:30  Drone x2  
  16  0:48  Hatchery  
  15  0:51  Drone  
  15  0:55  Drone  
  17  0:57  Drone  
  18  1:10  Extractor  
  17  1:13  Spawning Pool  
  17  1:16  Drone  
  17  1:20  Drone  
  18  1:28  Drone  
  19  1:38  Drone  
  20  1:50  Overlord  
  20  2:00  Queen  
  20  2:01  Zergling x4, Queen  
  26  2:10  Metabolic Boost  
  26  2:12  Drone  
  26  2:13  Drone  
  28  2:22  Drone x2  
  30  2:37  Zergling x4  
  30  2:43  Overlord  
  32  2:47  Drone  
  32  2:49  Hatchery  
  31  2:55  Drone x2  
  33  2:59  Queen  
  33  3:04  Zergling x2  
  36  3:06  Drone  
  36  3:10  Drone x2  
  36  3:12  Drone  
  40  3:15  Drone  
  40  3:16  Drone  
  40  3:19  Overlord  
  42  3:25  Drone x2  
  44  3:30  Spore Crawler  
  43  3:35  Spore Crawler  
  43  3:40  Overlord  
  42  3:44  Zergling x4  
  42  3:45  Drone x3  
  46  3:51  Roach Warren  
  46  3:54  Overlord  
  44  3:55  Zergling x2  
  44  4:01  Drone x2  
  46  4:03  Lair  
  46  4:07  Drone  
  46  4:09  Queen  
  49  4:14  Drone x3  
  51  4:24  Drone  
  51  4:25  Drone x5  
  51  4:28  Drone  
  51  4:30  Spore Crawler, Extractor  
  56  4:31  Extractor  
  56  4:36  Drone x4  
  59  4:41  Queen  
  59  4:50  Overlord  
  59  4:52  Drone x4  
  58  5:01  Glial Reconstitution  
  58  5:04  Queen  
  60  5:07  Roach x2  
  60  5:08  Roach x2  
  62  5:22  Drone x3  
  62  5:23  Roach x2  
  62  5:24  Roach x3  
  62  5:28  Overseer, Overlord  
  75  5:35  Drone x4  
  76  5:36  Drone  
  76  5:38  Extractor  
  79  5:43  Evolution Chamber  
  79  5:47  Queen  
  80  5:50  Drone x2  
  80  5:53  Roach x3  
  80  5:55  Overlord  
  88  5:58  Overlord  
  88  6:03  Drone  
  89  6:04  Overlord  
  89  6:05  Overlord  
  89  6:09  Overlord  
  89  6:16  Overlord  
  89  6:17  Roach x3  
  92  6:29  Zerg Missile Weapons Level 1  
  90  6:39  Drone x5  
  95  6:40  Overlord x2  
  95  6:41  Roach x4  
  103  7:07  Ravager x3  
  103  7:08  Ravager  
  105  7:10  Extractor, Drone  
  105  7:11  Drone x4  
  105  7:12  Drone  
  105  7:13  Drone x3  
  105  7:15  Extractor, Drone  
  114  7:16  Drone  
  114  7:17  Drone x2  
  114  7:18  Drone, Overlord  
  117  7:31  Drone  
  117  7:33  Baneling Nest  
  117  7:36  Queen x2  
  121  7:39  Hatchery  
  120  7:49  Overlord x2  
  120  7:50  Roach x6  
  130  7:59  Overlord  
  130  8:00  Overlord  
  130  8:04  Drone x3, Overlord x2  
  130  8:05  Zergling x12  
  139  8:13  Zergling x4  
  141  8:24  Zergling x2  
  141  8:25  Zergling x10  
  147  8:30  Baneling x5  
  133  8:35  Roach  
  133  8:36  Roach x2  
  133  8:40  Zergling x6  
  128  8:50  Roach x6  
  121  8:57  Roach x5  
Show
View Real Time Build Order
Export as new Build Order

Trap Protoss - Winner!

Build Orders: 1 Gate Expand, Oracle Opening, Archon Immortal 

Get SALT Encoding   

  12  0:00  Probe  
  13  0:12  Probe  
  14  0:19  Pylon  
  14  0:24  Probe  
  15  0:37  Probe (Chrono Boost)  
  16  0:45  Gateway  
  16  0:46  Probe (Chrono Boost)  
  16  0:48  Assimilator  
  17  0:51  Probe (Chrono Boost)  
  18  1:03  Probe  
  19  1:15  Probe  
  20  1:24  Nexus  
  20  1:33  Cybernetics Core  
  20  1:36  Probe  
  21  1:44  Assimilator  
  21  1:49  Probe  
  21  1:52  Pylon  
  22  2:01  Probe  
  23  2:07  Adept (Chrono Boost)  
  23  2:13  Probe  
  26  2:18  Stargate  
  26  2:25  Probe, Warp Gate  
  26  2:29  Pylon  
  27  2:35  Adept  
  29  2:40  Probe (Chrono Boost)  
  29  2:41  Probe (Chrono Boost)  
  31  2:50  Probe (Chrono Boost)  
  31  2:51  Probe (Chrono Boost)  
  33  2:55  Probe (Chrono Boost)  
  33  2:58  Probe  
  34  3:00  Oracle (Chrono Boost)  
  38  3:06  Probe  
  38  3:08  Stalker  
  38  3:10  Probe  
  42  3:17  Pylon  
  42  3:18  Probe  
  43  3:22  Probe  
  43  3:26  Gateway  
  44  3:30  Probe  
  44  3:32  Oracle (Chrono Boost)  
  45  3:34  Probe  
  49  3:42  Probe  
  49  3:46  Probe, Assimilator  
  49  3:47  Assimilator  
  51  3:51  Pylon  
  51  3:55  Probe, Pylon  
  52  4:07  Probe, Oracle (Chrono Boost)  
  52  4:08  Probe  
  57  4:17  Robotics Facility  
  57  4:23  Probe x2  
  59  4:27  Adept x2  
  59  4:29  Pylon  
  63  4:38  Nexus  
  63  4:40  Pylon  
  63  4:47  Probe x2  
  65  4:55  Sentry x2  
  65  4:56  Pylon  
  65  4:59  Shield Battery  
  69  5:02  Immortal (Chrono Boost)  
  73  5:19  Probe x2  
  75  5:25  Forge, Twilight Council  
  75  5:27  Sentry  
  75  5:28  Pylon  
  77  5:34  Phoenix, Immortal  
  83  5:40  Probe x2  
  85  5:47  Gateway  
  85  5:48  Gateway  
  85  5:53  Gateway  
  85  5:54  Charge  
  84  5:57  Probe x2  
  84  5:58  Probe, Protoss Ground Weapons Level 1 (Chrono Boost)  
  87  6:09  Probe x2  
  87  6:10  Probe  
  90  6:14  Templar Archives  
  90  6:21  Probe x2  
  90  6:22  Probe  
  90  6:25  Immortal (Chrono Boost)  
  96  6:38  Probe x3, Pylon  
  99  6:40  Pylon  
  99  6:49  Assimilator  
  99  6:50  Probe, Assimilator  
  99  6:51  Probe x2  
  102  6:55  Warp Prism (Chrono Boost)  
  102  7:01  Gateway  
  104  7:02  Gateway  
  104  7:04  Gateway  
  104  7:08  High Templar x4  
  104  7:09  Zealot  
  104  7:14  Archon  
  104  7:15  Archon  
  114  7:20  Pylon, Observer (Chrono Boost)  
  114  7:21  Pylon  
  115  7:23  Pylon, Shield Battery  
  115  7:24  Shield Battery  
  115  7:33  Immortal (Chrono Boost)  
  115  7:37  Probe x3  
  121  7:38  Pylon  
  117  8:02  Immortal (Chrono Boost)  
  121  8:08  High Templar x2, Zealot  
  121  8:09  Zealot x5  
  137  8:13  Archon  
  137  8:16  Nexus  
  137  8:19  Nexus  
  137  8:20  Pylon  
  137  8:32  Immortal  
  137  8:36  Sentry x3  
  137  8:37  Zealot x3  
  137  8:40  Zealot x2  
  153  8:50  Probe x3  
  140  8:58  Zealot x3  
  140  9:00  Zealot x4  
  140  9:02  Zealot  

Tags
 
Add a new tag
Caveats
  • Supply blocks, unpowered buildings, or Contaminate may cause inaccurate times.
  • Supply counts are checked every 10 seconds.